 Dungeon Crawl Stone Soup version 0.27-a0-679-g77a6b55cf3 (webtiles) character file.

Game seed: 4974319165960488528

5 kae the Ruffian (level 1, -2/18 HPs)
             Began as a Naga Transmuter on Mar 18, 2021.
             Shot with a stone by a goblin (8 damage)
             ... on level 2 of the Dungeon.
             The game lasted 00:00:17 (275 turns).

kae the Ruffian (Naga Transmuter)                    Turns: 275, Time: 00:00:17

Health: -2/18      AC:  1    Str: 12    XL:     1   Next: 80%
Magic:  3/3        EV:  9    Int: 13    God:
Gold:   23         SH:  0    Dex: 11    Spells: 3/4 levels left

rFire    . . .     SeeInvis +     - Unarmed
rCold    . . .     Faith    .   (no shield)
rNeg     . . .     Spirit   .   a - +0 robe
rPois    +         Reflect  .   (no helmet)
rElec    .         Harm     .   (no cloak)
rCorr    .         Rampage  .   (no gloves)
Will     .....                  (no barding)
Stlth    +.........             (no amulet)
HPRegen  0.06/turn              (no ring)
MPRegen  0.08/turn              (no ring)

@: very slow
A: AC +0, large, see invisible, deformed body, poison resistance, slowness 2,
spit poison 1, naga tail 1
a: Spit Poison


You were on level 2 of the Dungeon.
You visited 1 branch of the dungeon, and saw 2 of its levels.

You collected 23 gold pieces.

Inventory:

Armour
 a - a +0 robe (worn)


   Skills:
 + Level 1.1 Fighting
 + Level 1.6 Dodging
 * Level 3.1 Unarmed Combat
 + Level 2.0 Spellcasting
 * Level 2.2 Transmutations


You had 3 spell levels left.
You knew the following spells:

 Your Spells              Type           Power      Damage    Failure   Level
a - Beastly Appendage     Tmut           14%        N/A       11%         1

Your spell library contained the following spells:

 Spells                   Type           Power      Damage    Failure   Level
 Wereblood                Tmut           7%         N/A       16%         2
 Magic Dart               Conj           4%         1d3       26%         1
 Blink                    Tloc           N/A        N/A       36%         2
 Call Imp                 Summ           1%         N/A       36%         2
 Slow                     Hex            1%         N/A       36%         2
 Spider Form              Tmut/Pois      2%         N/A       43%         3
 Conjure Flame            Conj/Fire      1%         6-21      58%         3
 Mephitic Cloud           Conj/Pois/Air  1%         N/A       58%         3
 Ice Form                 Ice/Tmut       4%         N/A       85%         4
 Blade Hands              Tmut           3%         N/A       96%         5


Dungeon Overview and Level Annotations

Branches:
Dungeon (2/15)

Altars:


Innate Abilities, Weirdness & Mutations

Your serpentine skin is tough. (AC +0)
You have supernaturally acute eyesight. (SInv)
Armour fits poorly on your strangely shaped body.
Your system is resistant to poisons. (rPois)
You cover ground very slowly.
You can spit poison.
You have a snake-like lower body.


Message History

No target in view!
No target in view!
No target in view!
No target in view!
Your transformation is almost over.
A frilled lizard comes into view.
A frilled lizard is nearby!
Casting: Beastly Appendage (safe; 11% risk of failure)
Confirm with . or Enter, or press ? or * to list all spells.
You miscast Beastly Appendage.
You are very lightly contaminated with residual magic.
Nothing appears to happen.
You have got your breath back.
A worm comes into view.
A goblin comes into view. It is wielding a +0 dagger.
The goblin unwields a +0 dagger.
The goblin wields a +0 hunting sling.
The goblin shoots a stone.
The stone barely misses you.
You barely miss the frilled lizard.
The goblin shoots a stone.
The stone hits you. The frilled lizard closely misses you.
You barely miss the frilled lizard.
Your headbutt misses the frilled lizard.
The goblin shoots a stone.
The stone hits you.
The frilled lizard completely misses you.
You are too injured to fight recklessly!
You are too injured to fight recklessly!
You are too injured to fight recklessly!
You are too injured to fight recklessly!
The frilled lizard bites you.
Your magical contamination has completely faded away.
You closely miss the frilled lizard. The frilled lizard bites you.
You hit the frilled lizard.
You kill the frilled lizard!
Your horns disappear.
The goblin shoots a stone.
The stone hits you.
* * * LOW HITPOINT WARNING * * *
The goblin shoots a stone.
The stone barely misses you.
Found a scroll labelled ERIEXU CELU.
You see here a scroll labelled TURPHO ABECEUMEL.
The goblin shoots a stone.
The stone hits you!
You die...

.# .. .## #. ?.# ..
..# #. #..#
#####'####.^#######
.........@.........#
...................#
...................#
........?..........#
......gw...........#
#####..#†........?#
##.#..........#
#.#..........#
#............#


You could see a worm and a goblin.

Vanquished Creatures
  A goblin (D:2)
  3 frilled lizards
  A kobold (D:1)
  2 rats (D:1)
7 creatures vanquished.

Notes
Turn   | Place    | Note
-------+----------+-------------------------------------------
     0 | D:1      | kae the Naga Transmuter began the quest for the Orb.
     0 | D:1      | Reached XP level 1. HP: 18/18 MP: 3/3
   198 | D:1      | You fall into a shaft and drop 1 floor!
   275 | D:2      | Shot with a stone by a goblin

Illustrated notes

Levels and vault maps discovered:
D:1:      minmay_arrival_four_loops, layout_loops_ring, doesnt_xom_only_xom
D:2:      layout_basic

Action                   || total
-------------------------++-------
Melee: Unarmed           ||    10
 Cast: Beastly Appendage ||     3
 Abil: Spit Poison       ||     6
Dodge: Dodged            ||    10

Table legend: (Time is in decaauts)
 A = Elapsed time spent in this place.
 B = Non-inter-level travel time spent in this place.
 C = Inter-level travel time spent in this place.
 D = Time resting spent in this place.
 E = Time spent auto-exploring this place.
 F = Levels seen in this place.
 G = Mean time per level.
                   A        B        C        D        E       F      G
               +--------+--------+--------+--------+--------+-----+--------+
         Total |    333 |    333 |      0 |      0 |    271 |   2 |  166.5 |
       Dungeon |    333 |    333 |      0 |      0 |    271 |   2 |  166.5 |
               +--------+--------+--------+--------+--------+-----+--------+

Top non-repeatable levels by time:
     D:1: 248 daAuts
     D:2: 85 daAuts
